AoeStats
← Душан Силни

Black Forest

510619998Analyzed
4v4 RM · 2d ago on Oct 1, 2026· 17m 18s· 8 players
Game mode
Random Map
Map size
Large (8 player)
Population
200
Speed
Normal
Resources
Standard
Victory
Conquest
Starting age
Dark Age
Ending age
Imperial Age
RankedLock teamsTeams togetherTeam positionsShared explorationLock speedFull tech treeHidden civsTurbo modeCheats
Victory
Defeat
🇹🇷 Persians · Türkiye
754
+18
🇲🇽 Franks · Mexico
682
+21
🇷🇸 Huns · Serbia
664
+21
🇮🇹 Persians · Italy
596
+25
🇫🇷 Japanese · France
834
-23
🇹🇼 Khitans · Taiwan
804
-22
🇦🇷 Burgundians · Argentina
779
-21
🇹🇼 Japanese · Taiwan
742
-19
AbiXNorth
12:22 Feudal Age
15:29 Wheelbarrow
16:48 Double-Bit Axe
patolo9393
14:48 Feudal Age
16:51 Wheelbarrow
Душан Силни
0:41 Loom
15:04 Feudal Age
16:47 Double-Bit Axe
16:45 Horse Collar
I MISS HER
4:02 Loom
11:28 Feudal Age
11:48 Double-Bit Axe
16:57 Man-at-Arms
19:50 Castle Age
Goblawam
1:14 Loom
15:56 Feudal Age
16:45 Double-Bit Axe
17:13 Fishing Lines
ZIV_83tw
9:46 Feudal Age
10:45 Double-Bit Axe
14:05 Loom
Nahue
0:44 Loom
11:46 Feudal Age
caachris83
15:04 Feudal Age
Connection lost

Rejoining the realm…

Still unreachable

The connection could not be restored.

Session expired

The server has moved on; the page needs a fresh start.